 Dungeon Crawl Stone Soup version 0.25.1-2-g60ff931df9 (webtiles) character file.

Game seed: 7148837133484785185

32755 DildoBatman the Geomancer (level 14, -6/106 HPs)
             Began as a Formicid Wizard on Nov 3, 2020.
             Was a High Priest of Kikubaaqudgha.
             Mangled by a very large slime creature (20 damage)
             ... on level 12 of the Dungeon.
             The game lasted 01:07:52 (15716 turns).

DildoBatman the Geomancer (Formicid Wizard)        Turns: 15716, Time: 01:07:53

Health: -6/106     AC: 12    Str: 13    XL:     14   Next: 4%
Magic:  2/24       EV: 14    Int: 28    God:    Kikubaaqudgha [*****.]
Gold:   1446       SH:  5    Dex:  9    Spells: 6/27 levels left

rFire    . . .     SeeInvis +   a - +5 scythe "Finisher" {speed, eviscerate}
rCold    . . .     Gourm    .   c - +0 buckler
rNeg     . . .     Faith    .   o - +0 troll leather armour
rPois    .         Spirit   .   (helmet unavailable)
rElec    .         Reflect  .   u - +0 cloak
rCorr    .         Harm     .   I - +0 pair of gloves
MR       +....                  (no boots)
Stlth    ++........             e - amulet of the acrobat
HPRegen  0.67/turn              k - +6 ring of intelligence
MPRegen  0.19/turn              h - +4 ring of protection

@: no status effects
A: permanent stasis, dig shafts and tunnels, four strong arms, antennae 3
a: Dig, Shaft Self, Receive Corpses, Torment, Renounce Religion


You were on level 12 of the Dungeon.
You worshipped Kikubaaqudgha.
Kikubaaqudgha was extremely pleased with you.
You were not hungry.

You visited 3 branches of the dungeon, and saw 15 of its levels.
You also visited: Sewer and Gauntlet.

You collected 1628 gold pieces.
You spent 182 gold pieces at shops.

Inventory:

Hand Weapons
 a - the +5 scythe "Finisher" (weapon) {speed, eviscerate}
   (You found it on level 9 of the Dungeon)

   Attacks with this weapon are significantly faster.
 b - a +0 hunting sling
 d - a +1 scimitar of flaming
Missiles
 m - 35 poisoned darts (quivered)
 r - 14 javelins
 J - 62 sling bullets
 V - 3 throwing nets
Armour
 c - a +0 buckler (worn)
 o - a +0 troll leather armour (worn)
 p - a +3 leather armour of fire resistance
 u - a +0 cloak (worn)
 I - a +0 pair of gloves (worn)
 U - the +0 ring mail "Myugreiw" {MR+ Str+3 Stlth+}
   (You found it on level 11 of the Dungeon)

   It affects your strength (+3).
   It affects your resistance to hostile enchantments.
   It makes you more stealthy.
Jewellery
 e - an amulet of the acrobat (around neck)
 h - a +4 ring of protection (right hand)
 k - a +6 ring of intelligence (left hand)
 s - a +4 ring of evasion
 G - an uncursed ring of ice
 W - a +4 ring of evasion
Wands
 w - a wand of acid (10)
 P - a wand of disintegration (35)
 Q - a wand of iceblast (10)
Scrolls
 n - 4 scrolls of amnesia
 x - 8 scrolls of remove curse
 z - a scroll of identify
 B - 6 scrolls of fear
 C - 2 scrolls of magic mapping
 O - 3 scrolls of noise {unknown}
 S - a scroll of holy word {unknown}
Potions
 f - a potion of degeneration {unknown}
 j - 3 potions of resistance
 l - a potion of brilliance {unknown}
 q - 2 potions of curing {unknown}
 t - a potion of cancellation {unknown}
 D - 2 potions of haste {unknown}
 E - 6 potions of might
 F - 3 potions of heal wounds
 K - 2 potions of stabbing
 L - 6 potions of lignification
 M - a potion of berserk rage {unknown}
 R - a potion of invisibility {unknown}
 T - 2 potions of mutation {unknown}
Miscellaneous
 i - a phantom mirror
 y - a box of beasts
 A - a tin of tremorstones (3/3)
Comestibles
 g - 8 chunks of flesh
 v - 15 rations


   Skills:
 * Level 8.5 Fighting
 * Level 6.3 Polearms
 * Level 8.6 Armour
 - Level 7.0 Dodging
 - Level 2.4 Stealth
 * Level 7.3 Shields
 - Level 7.0 Spellcasting
 - Level 4.0 Conjurations
   Level 1.0 Summonings
 - Level 9.0 Necromancy
   Level 0.8 Translocations
 - Level 5.0 Fire Magic
 - Level 4.0 Air Magic
 - Level 11.0 Earth Magic
 - Level 4.0 Poison Magic


You had 6 spell levels left.
You knew the following spells:

 Your Spells              Type           Power        Failure   Level  Hunger
a - Conjure Flame         Conj/Fire      #####...     3%          3    None
b - Borgnjor's Vile Clut  Necr/Erth      ######....   3%          5    #####..
c - Magic Dart            Conj           ####         1%          1    None
d - Vampiric Draining     Necr           ######....   1%          3    None
e - Mephitic Cloud        Conj/Pois/Air  ####....     3%          3    None
h - Dispel Undead         Necr           ######..     1%          4    ##.....
z - Sublimation of Blood  Necr           ######....   1%          2    None

Your spell library contained the following spells:

 Spells                   Type           Power        Failure   Level  Hunger
 Animate Skeleton         Necr           N/A          1%          1    None
 Pain                     Necr           ####         1%          1    None
 Apportation              Tloc           ##....       4%          1    None
 Summon Butterflies       Summ           ###.....     4%          1    None
 Agony                    Necr           ######..     4%          5    #####..
 Corona                   Hex            #......      7%          1    None
 Call Imp                 Summ           ###.....     7%          2    None
 Inner Flame              Hex/Fire       ###.....     7%          3    None
 Leda's Liquefaction      Hex/Erth       #####.....   7%          4    ##.....
 Petrify                  Tmut/Erth      #####...     7%          4    ##.....
 Slow                     Hex            #.......     10%         2    None
 Call Canine Familiar     Summ           ###.....     13%         3    None
 Gell's Gravitas          Tloc           ##........   14%         3    None
 Lesser Beckoning         Tloc           ##........   14%         3    None
 Portal Projectile        Hex/Tloc       ##....       17%         3    None
 Confusing Touch          Hex            #.......     21%         3    None
 Tukima's Dance           Hex            #.......     21%         3    None
 Excruciating Wounds      Chrm/Necr      #####.....   28%         5    #####..
 Summon Ice Beast         Ice/Summ       ##......     47%         4    ##.....
 Cause Fear               Hex            #.........   54%         4    ##.....
 Alistair's Intoxication  Tmut/Pois      ###.....     63%         5    #####..
 Summon Mana Viper        Hex/Summ       ##......     83%         5    #####..
 Simulacrum               Ice/Necr       #####.....   85%         6    ######.
 Metabolic Englaciation   Hex/Ice        #.........   88%         5    #####..
 Yara's Violent Unravell  Hex/Tmut       #.........   88%         5    #####..
 Invisibility             Hex            #.......     100%        6    ######.
 Summon Hydra             Summ           ###.......   100%        7    #######
 Blink                    Tloc           Unusable     N/A         2    N/A

Dungeon Overview and Level Annotations

Branches:
Dungeon (12/15)            Temple (1/1) D:5            Lair (0/6) D:10
    Orc (2/2) D:10            Elf (0/3) Orc:2         Sewer (visited)
Gauntlet (visited)

Altars:
Ashenzari
Cheibriados
Dithmenos
Elyvilon
Fedhas
Gozag
Hepliaklqana
Kikubaaqudgha
Makhleb
Nemelex Xobeh
Okawaru
Qazlal
Ru
Sif Muna
Trog
Uskayaw
Vehumet
Wu Jian
Xom
Yredelemnul
Zin
The Shining One

Shops:
D:4 *[}(%   Orc:2 (}*=

Annotations:
D:6 2 runed translucent doors, DearestLeader's ghost, novice GrEE


Innate Abilities, Weirdness & Mutations

You cannot be hasted, slowed, berserked, paralysed or teleported.
You can dig through walls and to a lower floor.
Your four strong arms can wield two-handed weapons with a shield.
You have a pair of large antennae on your head. (SInv)


Message History

Aiming: Vampiric Draining (safe; 1% risk of failure)
Press: ? - help, Shift-Dir - straight line, f/p - very large slime creature
Aim: a very large slime creature (flame, moderately wounded)
The very large slime creature is heavily wounded.
You feel life coursing into your body!
Casting: Vampiric Draining (safe; 1% risk of failure)
Confirm with . or Enter, or press ? or * to list all spells.
Aiming: Vampiric Draining (safe; 1% risk of failure)
Press: ? - help, Shift-Dir - straight line, f/p - very large slime creature
Aim: a very large slime creature (flame, heavily wounded)
The very large slime creature is heavily wounded.
You feel life coursing into your body.
You slash the very large slime creature!
The very large slime creature is heavily wounded.
The very large slime creature is engulfed in blazing flames.
The very large slime creature hits you!!!
The very large slime creature is engulfed in blazing flames.
The very large slime creature hits you!!
You die...
Kikubaaqudgha rasps: "You have failed me!
Welcome... death!"

****####.##.......#..
*,,,{..#.##..........
*,***#.#.##.......###
*,*###.#.##.......#*#
#,*#.....##........,,
#.##.#.###*#####.#***
#......# **,****
####)### *,,,,,, #@#
*,,*,**
#J#########*,,,,,,
#...J.J..?.{,,,,**
###########*,*****
*,***** *,,,,,,
******* * *


You could see a very large slime creature.

Vanquished Creatures
  A minotaur (Gauntlet)
  2 ogre magi (Orc:2)
  2 hydras
  2 centaur warriors (D:11)
  Erica (D:9)
  8 two-headed ogres (Orc:2)
  6 death yaks (Gauntlet)
  2 deep trolls (Orc:2)
  A necromancer (Gauntlet)
  An ugly thing (D:12)
  2 deep elf magi
  2 cyclopes (Orc:2)
  2 centaur zombies
  A rust devil (Gauntlet)
  A kobold demonologist (D:11)
  10 trolls
  3 meliai (D:12)
  2 slime creatures (D:12)
  A meliai (shapeshifter) (D:11)
  2 hornets
  2 hippogriffs
  2 shadows (Gauntlet)
  A spriggan (D:11)
  3 wyverns
  3 wraiths
  A ynoxinul (Gauntlet)
  A hungry ghost (D:12)
  A steam dragon (D:12)
  6 wargs
  2 water moccasins
  2 black bears
  4 sky beasts
  11 orc warriors
  An eye of draining (D:11)
  4 ice beasts
  25 ogres
  2 centaurs
  5 bullfrogs
  4 scorpions
  5 wights
  An electric eel (D:10)
  6 crimson imps
  3 bullfrog zombies
  2 quasits
  2 jellies
  12 orc priests
  7 hounds
  4 iron imps (Gauntlet)
  2 centaur skeletons
  2 iguanas
  19 orc wizards
  Ijyb (D:2)
  6 worker ants
  A hound zombie (D:9)
  A spectral worker ant (D:10)
  4 hound skeletons
  2 howler monkey zombies
  A worker ant zombie (D:5)
  18 adders
  7 gnolls
  11 river rats
  A shadow imp (D:11)
  An adder zombie (D:5)
  An adder skeleton (D:6)
  3 worms
  2 dart slugs
  6 leopard geckos
  57 orcs
  8 ball pythons
  12 bats
  5 giant cockroaches
  7 goblins
  10 hobgoblins
  16 jackals
  9 quokkas
  10 frilled lizards
  2 jackal skeletons
  9 kobolds
  A leopard gecko zombie (D:7)
  24 rats
  A demonic plant (Gauntlet)
434 creatures vanquished.

Vanquished Creatures (others)
  9 demonic plants (Gauntlet)
9 creatures vanquished.

Grand Total: 443 creatures vanquished

Notes
Turn   | Place    | Note
-------+----------+-------------------------------------------
     0 | D:1      | DildoBatman the Formicid Wizard began the quest for the
                  | Orb.
     0 | D:1      | Reached XP level 1. HP: 13/13 MP: 4/4
    27 | D:1      | Reached skill level 1 in Conjurations
   446 | D:1      | Reached XP level 2. HP: 19/19 MP: 0/6
   959 | D:1      | Reached XP level 3. HP: 24/24 MP: 3/7
  1158 | D:2      | Reached skill level 1 in Shields
  1158 | D:2      | Reached XP level 4. HP: 29/30 MP: 0/8
  1271 | D:2      | Learned a level 3 spell: Conjure Flame
  1275 | D:2      | Learned a level 3 spell: Mephitic Cloud
  1704 | D:2      | Reached XP level 5. HP: 35/35 MP: 0/9
  2776 | D:3      | Noticed Ijyb
  3032 | D:3      | Reached XP level 6. HP: 41/41 MP: 7/10
  3070 | D:4      | Noticed an ogre
  3089 | D:4      | Killed an ogre
  3089 | D:4      | Reached skill level 1 in Fire Magic
  3089 | D:4      | Reached skill level 1 in Air Magic
  3148 | D:4      | Found Kuoggaus's Antique Armour Boutique.
  3154 | D:4      | Found Vutyadyma's Gadget Emporium.
  3177 | D:4      | Found Neyv's Assorted Antiques.
  3182 | D:4      | Bought a scroll labeled DAZIAM INLI JAES for 26 gold pieces
  3182 | D:4      | Bought a scroll labeled DAZIAM INLI JAES for 26 gold pieces
  3182 | D:4      | Bought a scroll labeled FOGGON PANK for 26 gold pieces
  3184 | D:4      | Bought a smoky black potion for 23 gold pieces
  3317 | D:4      | Reached XP level 7. HP: 33/46 MP: 4/11
  3334 | D:4      | Found a glowing drain.
  3435 | Sewer    | Entered a sewer
  4573 | D:5      | Entered Level 5 of the Dungeon
  4856 | D:4      | Found Xucafex's Antique Weapon Emporium.
  5182 | D:5      | Found a staircase to the Ecumenical Temple.
  5192 | Temple   | Entered the Ecumenical Temple
  5421 | Temple   | Became a worshipper of Kikubaaqudgha
  5515 | D:5      | Reached XP level 8. HP: 52/52 MP: 5/12
  5973 | D:2      | Killed Ijyb
  6413 | D:4      | Found Ivucumpor's Food Shop.
  6481 | D:6      | Reached skill level 5 in Fire Magic
  6622 | D:5      | Reached skill level 1 in Fighting
  6622 | D:5      | Reached skill level 1 in Armour
  6654 | D:5      | Reached XP level 9. HP: 43/61 MP: 3/14
  6814 | D:6      | Reached * piety under Kikubaaqudgha
  6814 | D:6      | Identified Kikubaaqudgha's Tome of Sinister Rites
                  | (Kikubaaqudgha gifted it to you on level 6 of the Dungeon)
  6814 | D:6      | Received a gift from Kikubaaqudgha
  7040 | D:6      | Found a runed translucent door.
  7050 | D:6      | Noticed DearestLeader's ghost (novice GrEE)
  7067 | D:6      | Found a runed translucent door.
  8106 | D:7      | Found a burning altar of Makhleb.
  8418 | D:7      | Found a shimmering blue altar of Sif Muna.
  8601 | D:7      | Reached skill level 5 in Spellcasting
  8848 | D:8      | Learned a level 2 spell: Sublimation of Blood
  8852 | D:8      | Learned a level 3 spell: Vampiric Draining
  8998 | D:8      | Reached ** piety under Kikubaaqudgha
  9114 | D:8      | Reached skill level 1 in Necromancy
  9142 | D:8      | Reached XP level 10. HP: 59/73 MP: 0/18
  9633 | D:9      | Reached skill level 5 in Armour
  9703 | D:9      | Reached skill level 5 in Fighting
  9864 | D:9      | Noticed Erica
  9884 | D:9      | Killed Erica
  9884 | D:9      | Reached skill level 5 in Dodging
 10415 | D:9      | Found the +5 scythe "Finisher" {speed, eviscerate}
 10583 | D:10     | Entered Level 10 of the Dungeon
 10648 | D:10     | Reached skill level 1 in Polearms
 10649 | D:10     | Reached *** piety under Kikubaaqudgha
 10649 | D:10     | Identified Kikubaaqudgha's Guide on Evil Secrets
                  | (Kikubaaqudgha gifted it to you on level 10 of the Dungeon)
 10649 | D:10     | Received a gift from Kikubaaqudgha
 10658 | D:10     | Learned a level 4 spell: Dispel Undead
 10664 | D:10     | Learned a level 5 spell: Borgnjor's Vile Clutch
 10795 | D:10     | Reached skill level 1 in Earth Magic
 10795 | D:10     | Reached XP level 11. HP: 81/81 MP: 17/20
 10933 | D:10     | Reached skill level 2 in Earth Magic
 10981 | D:10     | Reached skill level 3 in Earth Magic
 11014 | D:10     | Found a staircase to the Orcish Mines.
 11058 | D:10     | Found a staircase to the Lair.
 11104 | D:10     | Reached skill level 5 in Necromancy
 11161 | D:10     | Reached skill level 4 in Earth Magic
 11540 | Orc:1    | Entered Level 1 of the Orcish Mines
 11684 | Orc:1    | Reached skill level 5 in Earth Magic
 11886 | Orc:1    | Reached **** piety under Kikubaaqudgha
 12218 | Orc:2    | Entered Level 2 of the Orcish Mines
 12253 | Orc:2    | Found a staircase to the Elven Halls.
 12261 | Orc:2    | Reached skill level 6 in Earth Magic
 12881 | Orc:2    | Noticed a cyclops
 12897 | Orc:2    | Killed a cyclops
 12912 | Orc:2    | Noticed a two-headed ogre
 12926 | Orc:2    | Killed a two-headed ogre
 12926 | Orc:2    | Reached skill level 7 in Earth Magic
 13018 | Orc:2    | Noticed a two-headed ogre
 13024 | Orc:2    | Killed a two-headed ogre
 13026 | Orc:2    | Reached skill level 8 in Earth Magic
 13043 | Orc:2    | Reached XP level 12. HP: 82/88 MP: 11/21
 13073 | Orc:2    | Noticed a two-headed ogre
 13081 | Orc:2    | Noticed a two-headed ogre
 13088 | Orc:2    | Killed a two-headed ogre
 13091 | Orc:2    | Killed a two-headed ogre
 13091 | Orc:2    | Reached skill level 9 in Earth Magic
 13112 | Orc:2    | Noticed a deep troll
 13134 | Orc:2    | Killed a deep troll
 13195 | Orc:2    | Noticed a two-headed ogre
 13205 | Orc:2    | Killed a two-headed ogre
 13205 | Orc:2    | Reached skill level 10 in Earth Magic
 13235 | Orc:2    | Noticed an ogre mage
 13262 | Orc:2    | Reached ***** piety under Kikubaaqudgha
 13262 | Orc:2    | Noticed a deep troll
 13272 | Orc:2    | Killed a deep troll
 13317 | Orc:2    | Killed an ogre mage
 13317 | Orc:2    | Reached skill level 11 in Earth Magic
 13344 | Orc:2    | Noticed a two-headed ogre
 13356 | Orc:2    | Killed a two-headed ogre
 13379 | Orc:2    | Noticed an ogre mage
 13397 | Orc:2    | Killed an ogre mage
 13404 | Orc:2    | Noticed a two-headed ogre
 13415 | Orc:2    | Killed a two-headed ogre
 13420 | Orc:2    | Noticed a two-headed ogre
 13430 | Orc:2    | Killed a two-headed ogre
 13499 | Orc:2    | Reached XP level 13. HP: 94/94 MP: 10/23
 13559 | Orc:2    | Found Suonir's Antique Weapon Shoppe.
 13562 | Orc:2    | Found Aziloakhe's Gadget Shoppe.
 13565 | Orc:2    | Found Veirewnoi's Assorted Antiques.
 13574 | Orc:2    | Found Wecwei's Jewellery Emporium.
 13578 | Orc:2    | Bought a metallic black potion for 26 gold pieces
 13578 | Orc:2    | Bought a scroll labeled BAMADO GIAZYASH for 29 gold pieces
 13578 | Orc:2    | Bought a metallic black potion for 26 gold pieces
 13744 | D:11     | Got a fading ring mail
 13755 | D:11     | Identified the +0 ring mail "Myugreiw" {MR+ Str+3 Stlth+}
                  | (You found it on level 11 of the Dungeon)
 14050 | D:11     | Noticed a five-headed hydra
 14061 | D:11     | Killed a four-headed hydra
 14061 | D:11     | Reached skill level 5 in Shields
 14082 | D:11     | Noticed a centaur warrior
 14091 | D:11     | Killed a centaur warrior
 14097 | D:11     | Noticed a centaur warrior
 14111 | D:11     | Killed a centaur warrior
 14191 | D:11     | Reached skill level 5 in Polearms
 14604 | D:12     | Noticed a five-headed hydra
 14615 | D:12     | Killed a two-headed hydra
 14686 | D:12     | Found a gate leading to a gauntlet.
 14761 | Gauntlet | Entered a Gauntlet
 14761 | Gauntlet | Found a transporter.
 14761 | Gauntlet | Found a transporter.
 14765 | Gauntlet | Found a transporter.
 14765 | Gauntlet | Found a transporter.
 14767 | Gauntlet | Found a large runed translucent door.
 14768 | Gauntlet | Found a large runed translucent door.
 14769 | Gauntlet | Found a large runed translucent door.
 14769 | Gauntlet | Found a large runed translucent door.
 14769 | Gauntlet | Found a runed translucent door.
 14770 | Gauntlet | Found a large runed translucent door.
 14774 | Gauntlet | Found a transporter.
 14776 | Gauntlet | Found a large runed translucent door.
 14777 | Gauntlet | Found a large runed translucent door.
 14778 | Gauntlet | Found a large runed translucent door.
 14779 | Gauntlet | Found a runed translucent gate.
 14785 | Gauntlet | Found a transporter.
 14791 | Gauntlet | Found a transporter.
 14791 | Gauntlet | Found a transporter.
 14794 | Gauntlet | Found a transporter.
 14821 | Gauntlet | Found a transporter.
 14823 | Gauntlet | Found a runed translucent gate.
 14823 | Gauntlet | Found a runed translucent gate.
 14825 | Gauntlet | Found a large runed translucent door.
 14826 | Gauntlet | Found a large runed translucent door.
 14830 | Gauntlet | Found a transporter.
 14833 | Gauntlet | Found a large runed translucent door.
 14834 | Gauntlet | Found a large runed translucent door.
 14837 | Gauntlet | Found a runed translucent door.
 14848 | Gauntlet | Found a large runed translucent door.
 14848 | Gauntlet | Found a large runed translucent door.
 14849 | Gauntlet | Found a large runed translucent door.
 14850 | Gauntlet | Found a large runed translucent door.
 14850 | Gauntlet | Found a transporter.
 14893 | Gauntlet | Found a transporter.
 14909 | Gauntlet | Found a transporter.
 15009 | Gauntlet | Found a transporter.
 15025 | Gauntlet | Found a transporter.
 15349 | Gauntlet | Noticed a minotaur
 15404 | Gauntlet | Killed a minotaur
 15597 | D:12     | Reached XP level 14. HP: 97/106 MP: 13/24
 15716 | D:12     | Mangled by a very large slime creature

Illustrated notes

Levels and vault maps discovered:
D:1:      dpeg_arrival_brainrot, layout_basic, supply_closet_lemuel
D:2:      layout_basic, minmay_divided_ellipse
D:3:      layout_basic, uniq_ijyb
D:4:      layout_rooms, cheibrodos_sewer_entry_sluice, serial_shops,
          nicolae_shop_behind_doors, nicolae_shop_statue_plus,
          kennysheep_little_box, nicolae_shop_statue_plus,
          nicolae_shop_competitors_out_of_business, first_ration
D:5:      layout_loops_ring, minmay_temple_entry_drinking_statues, minivault_24
D:6:      layout_cave_pools, ebering_ghost_sewer_f
D:7:      layout_loops_cross, kennysheep_mini, basic_altar
D:8:      layout_loops_ring
D:9:      layout_irregular_city, serial_glass, glass_columns_c, glass_columns_c,
          glass_columns_a, glass_columns_a, glass_columns_a, glass_columns_b,
          item_on_display_a, item_on_display_a, item_on_display_a,
          item_on_display_a, minmay_guarded_unrand_finisher, uniq_erica
D:10:     layout_small_grid, erik_lair_orcish_takeover, orc_0_dummy,
          fountainhead, hangedman_weighted_door
D:11:     minmay_bloctagon, layout_loops_ring, the_bakery
D:12:     layout_loops_cross, gauntlet_entry_generic, gammafunk_ghost_cemetery
Temple:   roderic_octagonal_lattice_temple
Orc:1:    layout_caves, nicolae_orc_lava_tube
Orc:2:    st_orc_open, layout_diamond_mine

Skill      XL: |  1  2  3  4  5  6  7  8  9 10 11 12 13 |
---------------+----------------------------------------+-----
Conjurations   | 1 2 3 4 |  4.0
Shields        | 1 2 3 4 7 |  7.3
Fire Magic     | 2 3 5 |  5.0
Air Magic      | 1 2 4 |  4.0
Poison Magic   | 2 4 |  4.0
Dodging        | 2 4 5 7 |  7.0
Fighting       | 2 4 6 8 |  8.5
Armour         | 1 4 6 8 |  8.6
Spellcasting   | 5 6 7 |  7.0
Necromancy     | 1 4 7 9 |  9.0
Polearms       | 1 4 6 |  6.3
Earth Magic    | 1 8 11 | 11.0
Stealth        | |  2.4
Summonings     | |  1.0
Translocations | |  0.8

Action                   |  1- 3 |  4- 6 |  7- 9 | 10-12 | 13-15 || total
-------------------------+-------+-------+-------+-------+-------++-------
Melee: Dagger            |    19 |    81 |   234 |       |       ||   334
       Unarmed           |     2 |       |       |       |       ||     2
       Spear             |       |     4 |   104 |       |       ||   108
       Halberd           |       |       |    68 |   101 |       ||   169
       Mace              |       |       |    25 |    54 |       ||    79
       Scythe            |       |       |       |   293 |   129 ||   422
       Scimitar          |       |       |       |       |     5 ||     5
 Fire: Hunting sling     |       |    36 |    30 |       |       ||    66
 Cast: Magic Dart        |    62 |   122 |   148 |    30 |       ||   362
       Mephitic Cloud    |       |     6 |    32 |    38 |     4 ||    80
       Conjure Flame     |       |     2 |    41 |    59 |    11 ||   113
       Vampiric Draining |       |       |       |     5 |     4 ||     9
       Dispel Undead     |       |       |       |     2 |     5 ||     7
       Borgnjor's Vile C |       |       |       |    10 |    33 ||    43
       Sublimation of Bl |       |       |       |     2 |     5 ||     7
 Abil: Dig               |     6 |     3 |    32 |    44 |     6 ||    91
Evoke: Wand              |       |       |     7 |       |       ||     7
  Use: Scroll            |       |     2 |     6 |     2 |     4 ||    14
       Potion            |       |       |     1 |       |     1 ||     2
 Stab: Sleeping          |       |     2 |     6 |       |     1 ||     9
       Confused          |       |     4 |    13 |    12 |       ||    29
       Paralysed         |       |       |     7 |       |       ||     7
  Eat: Chunk             |     1 |     8 |    24 |    17 |     8 ||    58
       Ration            |       |       |     3 |     1 |     2 ||     6
Armor: Robe              |    16 |    28 |    76 |    28 |       ||   148
       Leather armour    |       |       |       |     4 |       ||     4
       Troll leather arm |       |       |       |     7 |    21 ||    28
Dodge: Dodged            |    41 |    48 |   256 |   110 |    82 ||   537
Block: Buckler           |       |    26 |    53 |    24 |    18 ||   121
       Rpst.: Scimitar   |       |       |       |       |     3 ||     3
